AoeStats
← J.Dandy

Black Forest

507706609Analyzed
3v3 RM · 12d ago on Sep 19, 2026· 57m 56s· 6 players
Game mode
Random Map
Map size
Normal (6 player)
Population
200
Speed
Normal
Resources
Standard
Victory
Conquest
Starting age
Dark Age
Ending age
Imperial Age
RankedLock teamsTeams togetherTeam positionsShared explorationLock speedFull tech treeHidden civsTurbo modeCheats
Victory
Defeat
🇭🇰 Mongols · Hong Kong SAR China
1337
+12
🇭🇰 Celts · Hong Kong SAR China
1275
+14
🇨🇳 Spanish · China
1267
+15
🇯🇵 Bohemians · Japan
1277
-15
🇯🇵 Italians · Japan
1242
-14
🇯🇵 Byzantines · Japan
1204
-12
AI (HD Version)
0:48 Loom
9:39 Feudal Age
9:42 Man-at-Arms
10:33 Double-Bit Axe
12:13 Forging
19:54 Castle Age
17:54 Horse Collar
19:14 Fishing Lines
20:52 Bow Saw
22:01 Gillnets
27:36 Wheelbarrow
27:32 Gold Mining
31:39 Imperial Age
29:23 Fletching
30:23 Bodkin Arrow
30:28 Padded Archer Armor
31:40 Onager
32:27 Caravan
33:19 Gold Shaft Mining
32:36 Stone Mining
33:16 Drill
33:49 Hand Cart
34:45 Chemistry
34:33 Siege Engineers
34:50 Bracer
36:03 Leather Archer Armor
36:02 Bloodlines
35:53 Husbandry
36:00 Thumb Ring
36:20 Parthian Tactics
36:20 Elite Mangudai
39:13 Capped Ram
40:14 Scale Barding Armor
40:45 Iron Casting
40:51 Light Cavalry
41:32 Siege Ram
41:40 Hussar
43:20 Chain Barding Armor
44:02 Blast Furnace
poor guy
2:02 Loom
12:01 Feudal Age
13:20 Double-Bit Axe
16:21 Castle Age
14:54 Horse Collar
15:00 Fishing Lines
17:34 Bow Saw
22:13 Gillnets
24:29 Wheelbarrow
23:50 Gold Mining
25:27 Hand Cart
26:48 Pikeman
27:13 Gambesons
27:15 Arson
27:34 Scale Mail Armor
27:45 Forging
31:38 Imperial Age
30:03 Chain Mail Armor
31:31 Iron Casting
31:46 Capped Ram
32:04 Halberdier
33:41 Conscription
34:14 Furor Celtica
36:35 Chemistry
38:03 Gold Shaft Mining
42:40 Heavy Scorpion
43:46 Siege Engineers
44:02 Ballistics
48:27 Guilds
53:50 Caravan
绵绵
0:51 Loom
11:43 Feudal Age
15:26 Castle Age
13:50 Double-Bit Axe
15:44 Town Watch
19:11 Horse Collar
19:48 Fishing Lines
25:53 Wheelbarrow
29:32 Imperial Age
27:14 Scale Barding Armor
27:33 Bow Saw
28:32 Chain Barding Armor
28:36 Fortified Wall
28:30 Heavy Plow
29:24 Hand Cart
29:30 Forging
30:53 Plate Barding Armor
30:22 Gold Mining
30:22 Stone Mining
30:49 Bloodlines
33:07 Chemistry
32:40 Caravan
32:19 Cavalier
33:00 Husbandry
34:34 Stone Shaft Mining
35:20 Two-Man Saw
35:01 Iron Casting
34:58 Ballistics
35:12 Paladin
37:23 Blast Furnace
37:05 Guilds
37:26 Gillnets
38:17 Fletching
39:25 Bombard Tower
39:20 Bodkin Arrow
40:11 Conscription
42:58 Hoardings
43:14 Coinage
46:00 Light Cavalry
47:40 Hussar
48:18 Hussar
54:46 Banking
yamaguchi
1:02 Loom
15:11 Feudal Age
20:15 Castle Age
18:08 Double-Bit Axe
21:14 Bow Saw
25:02 Wheelbarrow
24:40 Horse Collar
31:43 Imperial Age
30:38 Chemistry
30:26 Fortified Wall
30:29 Forging
30:20 Scale Mail Armor
30:31 Fletching
31:24 Wagenburg Tactics
31:44 Hand Cart
32:29 Houfnice
32:43 Pikeman
33:24 Squires
34:11 Siege Engineers
35:59 Halberdier
37:04 Chain Mail Armor
37:24 Iron Casting
36:50 Padded Archer Armor
40:54 Blast Furnace
40:24 Plate Mail Armor
40:10 Leather Archer Armor
40:08 Caravan
53:04 Elite Skirmisher
J.Dandy
0:42 Loom
11:27 Feudal Age
17:19 Castle Age
22:29 Double-Bit Axe
26:20 Bow Saw
27:06 Town Watch
27:44 Horse Collar
28:39 Fortified Wall
29:42 Wheelbarrow
29:11 Gold Mining
30:36 Fletching
30:49 Padded Archer Armor
34:32 Imperial Age
31:48 Elite Skirmisher
32:52 Bodkin Arrow
33:13 Leather Archer Armor
36:42 Chemistry
36:05 Scale Mail Armor
37:33 Ring Archer Armor
41:57 Atonement
56:58 Hand Cart
56:54 Crossbowman
57:39 Thumb Ring
yake0213
8:33 Loom
13:01 Feudal Age
19:50 Castle Age
17:37 Double-Bit Axe
17:35 Horse Collar
18:15 Fishing Lines
21:06 Bow Saw
20:58 Heavy Plow
24:25 Gold Mining
25:29 Gillnets
25:35 Stone Mining
27:00 Wheelbarrow
30:24 Imperial Age
29:15 Ballistics
29:26 Hand Cart
29:09 Fletching
29:19 Padded Archer Armor
28:57 Pikeman
29:37 Squires
30:04 Bodkin Arrow
31:04 Gold Shaft Mining
30:48 Leather Archer Armor
30:34 Scale Mail Armor
30:19 Elite Skirmisher
32:49 Conscription
34:17 Two-Man Saw
33:52 Crop Rotation
33:26 Bracer
33:44 Chain Mail Armor
34:09 Halberdier
35:38 Ring Archer Armor
36:51 Forging
37:37 Scale Barding Armor
38:02 Plate Mail Armor
38:08 Iron Casting
39:25 Chain Barding Armor
40:26 Husbandry
39:46 Heavy Camel Rider
42:37 Stone Shaft Mining
42:41 Plate Barding Armor
56:35 Murder Holes
57:41 Chemistry
56:22 Treadmill Crane
56:52 Fortified Wall
57:31 Onager
Connection lost

Rejoining the realm…

Still unreachable

The connection could not be restored.

Session expired

The server has moved on; the page needs a fresh start.